 Dungeon Crawl Stone Soup version 0.28-a0-1202-g1e6f1b2279 (webtiles) character file.

Game seed: 14598743286555501177

95 Fortus the Poker (level 4, -3/30 (33) HPs)
             Began as a Merfolk Gladiator on Dec 20, 2021.
             Slain by a goblin (4 damage)
             ... led by Robin
             ... on level 2 of the Dungeon.
             The game lasted 00:02:36 (1106 turns).

Fortus the Poker (Merfolk Gladiator)                Turns: 1106, Time: 00:02:37

HP:   -3/30 (33)    AC:  4    Str: 16    XL:     4   Next: 65%
MP:   4/4           EV: 13    Int:  7    God:
Gold: 73            SH:  0    Dex: 15    Spells: 3/3 levels left

rFire   . . .      SeeInvis .   a - +0 trident
rCold   . . .      Faith    .   (no shield)
rNeg    . . .      Spirit   .   b - +0 leather armour
rPois   .          Reflect  .   c - +0 helmet
rElec   .          Harm     .   (no cloak)
rCorr   .          Rampage  .   (no gloves)
Will    .....                   (no boots)
Stlth   +.........              (no amulet)
HPRegen 0.10/turn               (no ring)
MPRegen 0.09/turn               (no ring)

@: drained
A: (nimble swimmer 2), mertail
a: no special abilities


You were on level 2 of the Dungeon.
You visited 1 branch of the dungeon, and saw 2 of its levels.

You collected 73 gold pieces.

Inventory:

Hand Weapons
 a - a +0 trident (weapon)
Missiles
 d - 3 throwing nets (quivered)
Armour
 b - a +0 leather armour (worn)
 c - a +0 helmet (worn)
Jewellery
 f - a ring of see invisible
Scrolls
 e - 2 scrolls of identify {unknown}
 g - a scroll of amnesia {unknown}
 i - a scroll of teleportation {unknown}
Potions
 h - 2 potions of mutation {unknown}


   Skills:
 - Level 2.1 Fighting
 + Level 7.6 Polearms
 - Level 2.0 Throwing
 - Level 4.0 Dodging


You had 3 spell levels left.
You didn't know any spells.
Your spell library contained the following spells:

 Spells                   Type           Power      Damage    Failure   Level
 Stone Arrow              Conj/Erth      0%         3d7       86%         3
 Animate Armour           Summ/Erth      0%         N/A       99%         4
 Lehudib's Crystal Spear  Conj/Erth      0%         10d2      100%        8


Dungeon Overview and Level Annotations

Branches:
Dungeon (2/15)

Altars:

Shops:
D:1 [

Annotations:
D:2 Robin


Innate Abilities, Weirdness & Mutations

((You are quick and stealthy near water. (Stealth+, EV+, Speed+++)))
Your lower body shifts to a powerful aquatic tail in water.


Message History

The goblin barely misses you. x2
A goblin comes into view. It is wielding a +0 dagger.
A hobgoblin comes into view.
The goblin hits you with a +2 dagger of draining.
You feel drained.
You closely miss the goblin. The goblin hits you but does no damage.
The goblin closely misses you.
Robin roars a battlecry!
The goblins go into a battle-frenzy!
You hear a shout!
You barely miss the goblin. The goblin hits you with a +0 club.
The goblin misses you. The goblin barely misses you.
A goblin comes into view. It is wielding a +0 dagger.
You closely miss the hobgoblin. The goblin closely misses you. x2
The goblin hits you with a +0 club. The hobgoblin misses you.
The goblin closely misses you.
Robin roars a battlecry!
You hit the hobgoblin.
The hobgoblin is moderately wounded.
The goblin hits you with a +0 club. The goblin barely misses you.
The hobgoblin hits you but does no damage.
The goblin closely misses you.
The goblin hits you with a +2 dagger of draining.
You feel drained.
You are too injured to fight recklessly!
You are too injured to fight recklessly!
You hit the hobgoblin but do no damage.
The hobgoblin is moderately wounded.
The goblin barely misses you. The goblin hits you with a +4 dagger.
* * * LOW HITPOINT WARNING * * *
The hobgoblin misses you. The goblin hits you but does no damage.
The goblin hits you with a +2 dagger of draining.
* * * LOW HITPOINT WARNING * * *
You feel drained.
* * * LOW HITPOINT WARNING * * *
A goblin comes into view. It is wielding a +0 dagger.
You barely miss the hobgoblin.
The hobgoblin is moderately wounded.
The goblin hits you but does no damage. The goblin hits you with a +4 dagger.
You die...

###.###..#####.#
...>....#
##..##..#
#..##..#####...
##......).......
#.....##.......#
#.###.##.#######
# #gg..g....
#@ggg....#
#..†gg##....g.
##.#####.###.# #
#.# .#


You could see Robin, a hobgoblin and 7 goblins.

Vanquished Creatures
  Natasha (D:2)
  A gnoll (D:1)
  An adder (D:2)
  A dart slug (D:2)
  2 endoplasms (D:1)
  2 giant cockroaches
  6 goblins
  7 hobgoblins
  3 jackals (D:1)
  2 kobolds
  2 quokkas (D:2)
  5 ball pythons
  6 bats
  3 frilled lizards
  5 rats
47 creatures vanquished.

Notes
Turn   | Place    | Note
-------+----------+-------------------------------------------
     0 | D:1      | Fortus the Merfolk Gladiator began the quest for the Orb.
     0 | D:1      | Reached XP level 1. HP: 16/16 MP: 1/1
    19 | D:1      | Found a faded altar of an unknown god.
    67 | D:1      | Reached skill level 5 in Polearms
    67 | D:1      | Reached XP level 2. HP: 12/22 MP: 2/2
   264 | D:1      | Reached skill level 6 in Polearms
   264 | D:1      | Reached XP level 3. HP: 26/27 MP: 3/3
   592 | D:1      | Found Nieg's Antique Armour Emporium.
   759 | D:2      | Noticed Natasha
   763 | D:2      | Killed Natasha
   764 | D:2      | Reached skill level 7 in Polearms
   764 | D:2      | Reached XP level 4. HP: 17/33 MP: 4/4
  1098 | D:2      | Noticed Robin
  1105 | D:2      | HP: 1/30 [goblin[Robin] (2)]
  1106 | D:2      | Slain by a goblin

Illustrated notes

Levels and vault maps discovered:
D:1:      ncdulo_halloftheorcs, layout_rooms,
          hellmonk_ecumenical_altar_pennies_from_heaven, serial_shops,
          nicolae_shop_overgrown_old_shop, chequers_decorated_corner
D:2:      layout_loops_ring, minmay_indecisive_spiral, uniq_natasha, uniq_robin

Skill      XL: |  1  2  3 |
---------------+----------+-----
Polearms       | 5 6 7 |  7.6
Fighting       | |  2.1
Throwing       | |  2.0
Dodging        | |  4.0

Action                   |  1- 3 |  4- 6 || total
-------------------------+-------+-------++-------
Melee: Trident           |    86 |    39 ||   125
 Stab: Distracted        |     2 |       ||     2
       Sleeping          |     2 |       ||     2
Armor: Leather armour    |    23 |     7 ||    30
Dodge: Dodged            |    32 |    26 ||    58

Table legend: (Time is in decaauts)
 A = Elapsed time spent in this place.
 B = Non-inter-level travel time spent in this place.
 C = Inter-level travel time spent in this place.
 D = Time resting spent in this place.
 E = Time spent auto-exploring this place.
 F = Levels seen in this place.
 G = Mean time per level.
                   A        B        C        D        E       F      G
               +--------+--------+--------+--------+--------+-----+--------+
         Total |   1109 |   1081 |     28 |      0 |    845 |   2 |  554.5 |
       Dungeon |   1109 |   1081 |     28 |      0 |    845 |   2 |  554.5 |
               +--------+--------+--------+--------+--------+-----+--------+

Top non-repeatable levels by time:
     D:1: 693 daAuts
     D:2: 415 daAuts
